 Dungeon Crawl Stone Soup version 0.21.1-1-g345015f (webtiles) character file.

192 tidbits the Insei (level 5, -7/41 HPs)
             Began as a Gnoll Transmuter on Feb 19, 2018.
             Mangled by an ogre
             ... wielding a +0 giant club
              (20 damage)
             ... on level 4 of the Dungeon.
             The game lasted 00:06:25 (762 turns).

tidbits the Insei (Gnoll Transmuter)                 Turns: 762, Time: 00:06:26

Health: -7/41      AC:  2    Str: 12    XL:     5   Next: 71%
Magic:  8/12       EV: 12    Int: 16    God:
Gold:   110        SH: 12    Dex: 16    Spells: 8/14 levels left

rFire    . . .     SeeInvis .     - Unarmed
rCold    . . .     Gourm    .   r - +4 shield "Eghiedwu" {rElec}
rNeg     . . .     Faith    .   b - +0 robe
rPois    .         Spirit   .   (no helmet)
rElec    +         Reflect  .   (no cloak)
rCorr    .         Harm     .   (no gloves)
MR       .....                  (no boots)
Stlth    ++........             (no amulet)
HPRegen  0.13/turn              k - ring of flight
MPRegen  0.13/turn              (no ring)

@: appendage, very slightly contaminated
A: distributed training, fangs 1, horns 2, strong nose
a: End Transformation, Evoke Flight


You were on level 4 of the Dungeon.
You were not hungry.
You had grown temporary horns.
You visited 1 branch of the dungeon, and saw 6 of its levels.

You collected 110 gold pieces.

Inventory:

Hand Weapons
 h - a +0 dagger
 l - a +2 spear of venom
   (You found it on level 1 of the Dungeon)
Missiles
 a - 68 arrows
 o - 16 stones (quivered)
Armour
 b - a +0 robe (worn)
 r - the +4 shield "Eghiedwu" (worn) {rElec}
   (You found it on level 5 of the Dungeon)

   It insulates you from electricity.
Jewellery
 k - a ring of flight (left hand)
   (You found it on level 1 of the Dungeon)
Wands
 p - a wand of enslavement (5)
Scrolls
 e - a scroll of fog {unknown}
 i - 2 scrolls of blinking
 j - 2 scrolls of remove curse
 m - 2 scrolls of random uselessness
Potions
 f - a potion of cancellation {unknown}
 g - a potion of magic {unknown}
 n - a potion of ambrosia {unknown}
 q - 2 potions of flight {unknown}
 s - a potion of might {unknown}
Books
 c - a book of Changes

   Spells                             Type                      Level
   a - Beastly Appendage              Transmutation                1
   b - Sticks to Snakes               Transmutation                2
   c - Spider Form                    Transmutation/Poison         3
   d - Ice Form                       Ice/Transmutation            4
   e - Blade Hands                    Transmutation                5
Comestibles
 d - 3 rations


   Skills:
 + Level 3.0 Fighting
 + Level 1.5 Short Blades
 + Level 1.5 Long Blades
 + Level 1.5 Axes
 + Level 1.5 Maces & Flails
 + Level 1.5 Polearms
 + Level 1.5 Staves
 + Level 1.5 Slings
 + Level 1.5 Bows
 + Level 1.5 Crossbows
 + Level 1.5 Throwing
 + Level 1.5 Armour
 + Level 4.8 Dodging
 + Level 1.5 Stealth
 + Level 1.5 Shields
 + Level 6.7 Unarmed Combat
 + Level 5.2 Spellcasting
 + Level 1.2 Conjurations
 + Level 1.2 Hexes
 + Level 1.2 Charms
 + Level 1.2 Summonings
 + Level 1.2 Necromancy
 + Level 1.2 Translocations
 + Level 4.0 Transmutations
 + Level 1.2 Fire Magic
 + Level 1.2 Ice Magic
 + Level 1.2 Air Magic
 + Level 1.2 Earth Magic
 + Level 1.2 Poison Magic
 + Level 1.7 Invocations
 + Level 1.5 Evocations


You had 8 spell levels left.
You knew the following spells:

 Your Spells              Type           Power        Failure   Level  Hunger
e - Beastly Appendage     Tmut           ###...       16%         1    None
k - Sticks to Snakes      Tmut           ###.....     24%         2    #......
p - Spider Form           Tmut/Pois      ##........   65%         3    ###....


Dungeon Overview and Level Annotations

Branches:
Dungeon (6/15)
 Temple: D:4-7

Altars:
Nemelex Xobeh
Ru


Innate Abilities, Weirdness & Mutations

Your experience applies equally to all skills.
You have very sharp teeth.
Your uncanny sense of smell can sniff out nearby items.
You have a pair of horns on your head.


Message History

Your Summonings skill increases to level 1!
Your Necromancy skill increases to level 1!
Your Translocations skill increases to level 1!
Your Fire Magic skill increases to level 1!
Your Ice Magic skill increases to level 1!
Your Air Magic skill increases to level 1!
Your Earth Magic skill increases to level 1!
Your Poison Magic skill increases to level 1!
You have reached level 5!
You hear a distant blaring wail to the northwest.
Your ball python bites the water moccasin skeleton.
Your ball python grabs the water moccasin skeleton.
Your ball python constricts the water moccasin skeleton.
You block the water moccasin skeleton's attack.
You barely miss the water moccasin skeleton.
You bite the water moccasin skeleton, but do no damage.
The water moccasin skeleton is lightly damaged.
Your ball python bites the water moccasin skeleton.
Your ball python constricts the water moccasin skeleton.
You block the water moccasin skeleton's attack.
You block the adder skeleton's attack.
Your ball python barely misses the water moccasin skeleton.
Your ball python constricts the water moccasin skeleton.
You punch the water moccasin skeleton! You claw the water moccasin skeleton.
The water moccasin skeleton is heavily damaged.
The water moccasin skeleton closely misses you.
The adder skeleton closely misses you.
You hit the water moccasin skeleton.
The water moccasin skeleton is heavily damaged.
Your ball python bites the water moccasin skeleton.
Your ball python constricts the water moccasin skeleton.
The water moccasin skeleton bites you. You block the adder skeleton's attack.
Your ball python bites the water moccasin skeleton.
Your ball python constricts the water moccasin skeleton.
You punch the water moccasin skeleton!
The water moccasin skeleton is almost destroyed.
The water moccasin skeleton closely misses you.
The adder skeleton bites you but does no damage.
Your ball python completely misses the water moccasin skeleton.
Your ball python constricts the water moccasin skeleton.
You block the water moccasin skeleton's attack.
You hit the water moccasin skeleton.
You destroy the water moccasin skeleton!
Your Fighting skill increases to level 3!
Your Transmutations skill increases to level 4!
The adder skeleton bites you.
Your ball python bites the adder skeleton.
Your ball python grabs the adder skeleton.
Your ball python constricts the adder skeleton.
You punch the adder skeleton! You claw the adder skeleton.
The adder skeleton is severely damaged.
You block the adder skeleton's attack.
Your ball python bites the adder skeleton.
Your ball python constricts the adder skeleton.
The adder skeleton bites you.
You hit the adder skeleton.
You destroy the adder skeleton!
You climb upwards.
Your summoned ally is left behind.
You hear the sound of rushing water.
There is an entrance to a sewer on this level.
Hurry and find it before the portal rusts away!
You hear the slow rusting of a very distant drain.
There is a stone staircase leading down here.
Your transformation is almost over.
You block the ball python's attack. The ball python grabs you.
The ball python constricts you.
You closely miss the ball python. The ball python barely misses you.
The ball python constricts you.
You hit the ball python.
You kill the ball python!
Found a glass wand.
An ogre comes into view. It is wielding a giant club.
The ogre shouts!
There is a stone staircase leading up here.
You climb upwards.
An ogre comes into view. It is wielding a giant club.
Your talons disappear.
Found a shiny ruby ring and a coppery potion.
Found an escape hatch in the ceiling.
There is a stone staircase leading down here.
Casting: Sticks to Snakes
Confirm with . or Enter, or press ? or * to list all spells.
You miscast Beastly Appendage.
You are very lightly contaminated with residual magic.
Nothing appears to happen.
The ogre shouts!
Casting: Beastly Appendage
Confirm with . or Enter, or press ? or * to list all spells.
You grow a pair of large bovine horns.
The ogre hits you with a giant club!
* * * LOW HITPOINT WARNING * * *
A frilled lizard comes into view.
Casting: Beastly Appendage
Confirm with . or Enter, or press ? or * to list all spells.
You create a snake!
You now have 68 arrows.
The ogre barely misses you.
Unknown command.
You hit the ogre but do no damage.
You headbutt the ogre, but do no damage.
You hit the ogre. You headbutt the ogre.
The ogre is moderately wounded.
The ogre hits you with a giant club!!
You die...

..< #.# #.#
###.# ####....
......# #...#
#.S@#
.......O..=..!.
#####.....##...
#....## .....#
.....l#
.......# ∆
###.##...


You could see an ogre, a frilled lizard and a friendly ball python.

Vanquished Creatures
  A bullfrog (D:6)
  A water moccasin skeleton (D:6)
  A crimson imp (D:5)
  An adder (D:2)
  An ooze (D:2)
  An adder skeleton (D:6)
  A worm (D:2)
  A dart slug (D:1)
  2 leopard geckos
  A ball python (D:5)
  3 giant cockroaches
  3 goblins
  4 hobgoblins (D:1)
  4 jackals (D:5)
  2 bats (D:1)
  2 frilled lizards
  2 kobolds
  2 rats
33 creatures vanquished.

Notes
Turn   | Place    | Note
-------+----------+-------------------------------------------
     0 | D:1      | tidbits the Gnoll Transmuter began the quest for the Orb.
     0 | D:1      | Reached XP level 1. HP: 17/17 MP: 6/6
   133 | D:1      | Reached XP level 2. HP: 22/23 MP: 7/7
   205 | D:1      | Learned a level 2 spell: Sticks to Snakes
   296 | D:2      | Reached skill level 5 in Spellcasting
   296 | D:2      | Reached XP level 3. HP: 17/28 MP: 6/9
   301 | D:2      | Learned a level 3 spell: Spider Form
   529 | D:3      | Found a sacrificial altar of Ru.
   549 | D:3      | Reached skill level 1 in Invocations
   636 | D:5      | Entered Level 5 of the Dungeon
   645 | D:5      | Got an encrusted shield
   657 | D:5      | Reached skill level 1 in Short Blades
   657 | D:5      | Reached skill level 1 in Long Blades
   657 | D:5      | Reached skill level 1 in Axes
   657 | D:5      | Reached skill level 1 in Maces & Flails
   657 | D:5      | Reached skill level 1 in Polearms
   657 | D:5      | Reached skill level 1 in Staves
   657 | D:5      | Reached skill level 1 in Slings
   657 | D:5      | Reached skill level 1 in Bows
   657 | D:5      | Reached skill level 1 in Crossbows
   657 | D:5      | Reached skill level 1 in Throwing
   657 | D:5      | Reached skill level 1 in Armour
   657 | D:5      | Reached skill level 1 in Stealth
   657 | D:5      | Reached skill level 1 in Shields
   657 | D:5      | Reached skill level 1 in Evocations
   657 | D:5      | Reached XP level 4. HP: 25/34 MP: 6/11
   663 | D:5      | Identified the +4 shield "Eghiedwu" {rElec} (You found it on level 5 of the Dungeon)
   672 | D:5      | Found a sparkling altar of Nemelex Xobeh.
   727 | D:6      | Noticed a bullfrog
   734 | D:6      | Killed a bullfrog
   734 | D:6      | Reached skill level 1 in Conjurations
   734 | D:6      | Reached skill level 1 in Hexes
   734 | D:6      | Reached skill level 1 in Charms
   734 | D:6      | Reached skill level 1 in Summonings
   734 | D:6      | Reached skill level 1 in Necromancy
   734 | D:6      | Reached skill level 1 in Translocations
   734 | D:6      | Reached skill level 1 in Fire Magic
   734 | D:6      | Reached skill level 1 in Ice Magic
   734 | D:6      | Reached skill level 1 in Air Magic
   734 | D:6      | Reached skill level 1 in Earth Magic
   734 | D:6      | Reached skill level 1 in Poison Magic
   734 | D:6      | Reached XP level 5. HP: 27/40 MP: 8/12
   739 | D:6      | Reached skill level 3 in Fighting
   739 | D:6      | Reached skill level 4 in Transmutations
   754 | D:5      | Noticed an ogre
   757 | D:4      | Noticed an ogre
   762 | D:4      | Mangled by an ogre

Skill      XL: |  1  2  3  4  5 |
---------------+----------------+-----
Spellcasting   | 5 |  5.2
Invocations    | 1 |  1.7
Short Blades   | 1 |  1.5
Long Blades    | 1 |  1.5
Axes           | 1 |  1.5
Maces & Flails | 1 |  1.5
Polearms       | 1 |  1.5
Staves         | 1 |  1.5
Slings         | 1 |  1.5
Bows           | 1 |  1.5
Crossbows      | 1 |  1.5
Throwing       | 1 |  1.5
Armour         | 1 |  1.5
Stealth        | 1 |  1.5
Shields        | 1 |  1.5
Evocations     | 1 |  1.5
Conjurations   | 1 |  1.2
Hexes          | 1 |  1.2
Charms         | 1 |  1.2
Summonings     | 1 |  1.2
Necromancy     | 1 |  1.2
Translocations | 1 |  1.2
Fire Magic     | 1 |  1.2
Ice Magic      | 1 |  1.2
Air Magic      | 1 |  1.2
Earth Magic    | 1 |  1.2
Poison Magic   | 1 |  1.2
Fighting       | 3 |  3.0
Transmutations | 4 |  4.0
Dodging        | |  4.8
Unarmed Combat | |  6.7

Action                   |  1- 3 |  4- 6 || total
-------------------------+-------+-------++-------
Melee: Unarmed           |    60 |    24 ||    84
       Headbutt          |     5 |     2 ||     7
       Punch             |     2 |       ||     2
       Bite              |     4 |     1 ||     5
       Kick              |     2 |     5 ||     7
 Cast: Beastly Appendage |    14 |     4 ||    18
       Sticks to Snakes  |     2 |     2 ||     4
  Use: Scroll            |     6 |       ||     6
 Stab: Sleeping          |     4 |       ||     4
Armor: Robe              |     7 |     1 ||     8
Dodge: Dodged            |    33 |    10 ||    43
Block: Shield            |       |    17 ||    17

Table legend:
 A = Turns spent in this place as a percentage of turns spent in the entire game.
 B = Non-inter-level travel turns spent in this place as a percentage of non-inter-level travel turns spent in the entire game.
 C = Inter-level travel turns spent in this place as a percentage of turns spent in this place.
 D = Turns resting spent in this place as a percentage of non-inter-level travel turns spent in this place.
 E = Turns spent auto-exploring this place as a percentage of non-inter-level travel turns spent in this place.
 F = Non-inter-level travel turns spent in this place divided by the number of levels of this place that you've seen.
                   A       B       C       D       E      F
               +-------+-------+-------+-------+-------+----------------------
         Total | 100.0 | 100.0 |   0.0 |   0.0 |   0.0 | 127.0
       Dungeon | 100.0 | 100.0 |   0.0 |   0.0 |   0.0 | 127.0
               +-------+-------+-------+-------+-------+----------------------

Table legend:
 A = Kills in this place as a percentage of kills in entire the game.
 B = Kills by you in this place as a percentage of kills by you in the entire game.
 C = Kills by friends in this place as a percentage of kills by friends in the entire game.
 D = Other kills in this place as a percentage of other kills in the entire game.
 E = Experience gained in this place as a percentage of experience gained in the entire game.
 F = Experience gained in this place divided by the number of levels of this place that you have seen.
                   A       B       C       D       E      F
               +-------+-------+-------+-------+-------+----------------------
         Total | 100.0 | 100.0 |   N/A |   N/A | 100.0 |  45.8
       Dungeon | 100.0 | 100.0 |   N/A |   N/A | 100.0 |  45.8
               +-------+-------+-------+-------+-------+----------------------

Vault maps used:
D:1:      roderic_chinese_lattice_arrival, st_stairs_13
D:2:      grunt_temple_overflow_forces_of_nature, st_stairs_13
D:3:      lemuel_doored_altar, first_ration
D:4:      kennysheep_ying_yang, serial_park_tiny_1, uniq_eustachio
D:5:      nicolae_overflow_hidden_temple, minmay_temple_entry_nine_rooms,
          serial_shops, nicolae_shop_window_shopping, portal_sewer_entry_d,
          basic_altar
D:6:      grunt_temple_overflow_gold_and_silver, kennysheep_little_box,
          serial_shops, shop_fountains, minmay_divided_ellipse
